AoeStats
← Like_2_win2

Arabia

510400531Analyzed
2v2 RM · 1d ago on Sep 30, 2026· 51m 51s· 4 players
Game mode
Random Map
Map size
Medium (4 player)
Population
200
Speed
Normal
Resources
Standard
Victory
Conquest
Starting age
Dark Age
Ending age
Imperial Age
RankedLock teamsTeams togetherTeam positionsShared explorationLock speedFull tech treeHidden civsTurbo modeCheats
Victory
Defeat
🇦🇷 Persians · Argentina
864
+16
🇩🇰 Danes · Denmark
816
+18
🇪🇨 Spanish · Ecuador
861
-17
🇪🇨 Malay · Ecuador
856
-17
riverpull_2004
2:33 Loom
11:34 Feudal Age
15:22 Double-Bit Axe
16:38 Horse Collar
20:26 Castle Age
20:35 Forging
20:38 Bloodlines
20:29 Gold Mining
20:50 Scale Barding Armor
24:29 Heavy Plow
26:28 Town Watch
33:12 Stone Mining
34:01 Wheelbarrow
35:57 Imperial Age
33:29 Town Patrol
35:01 Bow Saw
36:57 Conscription
37:28 Ballistics
37:45 Murder Holes
38:04 Masonry
38:49 Hand Cart
42:14 Iron Casting
42:00 Chain Barding Armor
42:00 Light Cavalry
42:42 Husbandry
43:57 Hussar
45:43 Blast Furnace
45:18 Plate Barding Armor
matiax171
10:30 Feudal Age
10:05 Double-Bit Axe
11:54 Loom
15:23 Horse Collar
21:11 Castle Age
20:38 Pikeman
23:08 Bow Saw
24:40 Wheelbarrow
24:04 Stone Mining
24:55 Squires
25:57 Heavy Plow
31:30 Imperial Age
30:25 Hand Cart
30:24 Gold Mining
31:09 Forced Levy
32:40 Man-at-Arms
33:41 Forging
33:31 Long Swordsman
35:49 Gold Shaft Mining
36:16 Iron Casting
36:28 Stone Shaft Mining
35:17 Two-Handed Swordsman
38:01 Blast Furnace
37:45 Crop Rotation
43:38 Chemistry
42:59 Ballistics
42:41 Halberdier
Like_2_win2
7:23 Loom
10:54 Feudal Age
11:43 Horse Collar
12:40 Wheelbarrow
11:54 Double-Bit Axe
19:09 Castle Age
18:38 Gold Mining
20:37 Hand Cart
20:39 Bow Saw
20:57 Heavy Plow
22:29 Town Watch
25:39 Gold Shaft Mining
28:40 Stone Mining
30:24 Stone Shaft Mining
33:38 Forging
33:58 Town Patrol
37:41 Imperial Age
37:05 Iron Casting
36:25 Gambesons
37:27 Masonry
37:39 Ballistics
37:39 Squires
38:20 Murder Holes
40:08 Blast Furnace
39:10 Scale Mail Armor
38:38 Elite Varangian Guard
40:42 Chemistry
40:39 Hamask
43:33 Hoardings
42:54 Arson
45:04 Chain Mail Armor
44:51 Padded Archer Armor
46:38 Plate Mail Armor
51:34 Leather Archer Armor
juanppalacio
10:17 Feudal Age
10:59 Double-Bit Axe
20:24 Castle Age
19:30 Stone Mining
19:31 Gold Mining
19:45 Horse Collar
21:04 Pikeman
24:01 Bow Saw
28:14 Wheelbarrow
27:51 Heavy Plow
29:07 Hand Cart
30:13 Fletching
30:24 Padded Archer Armor
33:41 Imperial Age
32:13 Kamandaran
31:48 Crossbowman
33:35 Stone Shaft Mining
33:36 Gold Shaft Mining
33:26 Leather Archer Armor
33:23 Squires
34:58 Chemistry
34:21 Ballistics
35:16 Thumb Ring
35:56 Conscription
36:39 Ring Archer Armor
36:20 Forging
36:21 Siphons
38:19 Bodkin Arrow
38:24 Scale Mail Armor
38:31 Scale Barding Armor
43:38 Chain Barding Armor
43:33 Chain Mail Armor
43:54 Iron Casting
43:48 Halberdier
Connection lost

Rejoining the realm…

Still unreachable

The connection could not be restored.

Session expired

The server has moved on; the page needs a fresh start.